 Dungeon Crawl Stone Soup version 0.30.1 (webtiles) character file.

Game seed: 12152417525158359941

959 cdecastro the Cleaver (level 8, -3/111 HPs)
             Began as a Hill Orc Fighter on July 11, 2023.
             Was an Initiate of Nemelex Xobeh.
             Succumbed to a scorpion's poison
             ... on level 5 of the Dungeon.
             The game lasted 00:08:36 (4288 turns).

cdecastro the Cleaver (Hill Orc Fighter)            Turns: 4288, Time: 00:08:37

Health: -3/111     AC:  9    Str: 21    XL:     8   Next: 14%
Magic:  17/17      EV:  9    Int:  8    God:    Nemelex Xobeh [......]
Gold:   253        SH:  4    Dex: 10    Spells: 7/7 levels left

rFire   . . .        a - +0 war axe
rCold   . . .        c - +0 buckler
rNeg    . . .        b - +0 scale mail
rPois   .            A - +0 helmet
rElec   .            (no cloak)
rCorr   .            (no gloves)
SInv    .            p - +0 pair of boots
Will    .....        (no amulet) Stlth
                     m - ring of magical power
HPRegen 0.38/turn    (no ring)
MPRegen 0.15/turn

%: no passive effects
@: berserking (expiring), lethally poisoned (-3 -> -34), very quick
A: no striking features
a: Renounce Religion, Draw Escape, Draw Destruction, Draw Summoning


You were on level 5 of the Dungeon.
You worshipped Nemelex Xobeh.
Nemelex Xobeh was noncommittal.
You visited 2 branches of the dungeon, and saw 6 of its levels.

You collected 253 gold pieces.

Inventory:

Hand Weapons
 a - a +0 war axe (weapon)
Missiles
 g - 5 poisoned darts (quivered)
Armour
 b - a +0 scale mail (worn)
 c - a +0 buckler (worn)
 p - a +0 pair of boots (worn)
 A - a +0 helmet (worn)
Jewellery
 m - a ring of magical power (left hand)
Wands
 B - a wand of flame (9)
Scrolls
 e - 7 scrolls of identify {unknown}
 f - 2 scrolls of immolation
 h - 4 scrolls of fear {unknown}
 j - a scroll of silence {unknown}
 n - a scroll of fog {unknown}
 u - 4 scrolls of teleportation {unknown}
 v - 2 scrolls of blinking {unknown}
 w - a scroll of enchant armour {unknown}
 x - 2 scrolls of vulnerability {unknown}
 y - a scroll of noise {unknown}
Potions
 d - a potion of might
 i - a potion of resistance {unknown}
 k - a potion of lignification {unknown}
 l - a potion of magic {unknown}
 o - a potion of degeneration {unknown}
 q - 2 potions of curing {unknown}
 s - 2 potions of haste {unknown}
 t - 2 potions of heal wounds {unknown}
 z - a potion of brilliance {unknown}


   Skills:
 * Level 7.9 Fighting
 + Level 9.4 Axes
 - Level 3.2 Armour
 - Level 3.2 Shields


You had 7 spell levels left.
You didn't know any spells.
Your spell library contained the following spells:

 Spells                   Type           Power      Damage    Failure   Level
 Beastly Appendage        Tmut           0%         N/A       82%         1
 Wereblood                Tmut           0%         N/A       91%         2
 Portal Projectile        Hex/Tloc       0%         N/A       99%         3
 Spider Form              Tmut/Pois      0%         N/A       99%         3
 Tukima's Dance           Hex            0%         N/A       99%         3
 Blade Hands              Tmut           0%         N/A       100%        5


Dungeon Overview and Level Annotations

Branches:
Dungeon (5/15)             Temple (1/1) D:4

Altars:
Ashenzari
Cheibriados
Dithmenos
Elyvilon
Fedhas
Gozag
Hepliaklqana
Kikubaaqudgha
Nemelex Xobeh
Qazlal
Ru
Sif Muna
Trog
Uskayaw
Vehumet
Wu Jian
Xom
The Shining One

Annotations:
D:4 1 runed translucent door, SirLogeyBear's ghost, amateur HOBe


Message History

The scorpion poisons you!
You barely miss the gnoll sergeant.
The gnoll sergeant is heavily wounded.
You hit the scorpion but do no damage.
* * * LOW HITPOINT WARNING * * *
You feel very sick.
The gnoll sergeant hits you with a +1 spear of venom.
* * * LOW HITPOINT WARNING * * *
You are more poisoned.
You slash the gnoll sergeant!
You kill the gnoll sergeant!
You hit the scorpion.
* * * LOW HITPOINT WARNING * * *
You feel very sick. The scorpion stings you.
* * * LOW HITPOINT WARNING * * *
You slash the scorpion!
The scorpion is severely wounded.
* * * LOW HITPOINT WARNING * * *
You feel very sick. You block the scorpion's attack.
Unknown command.
You are too berserk!
You closely miss the scorpion.
The scorpion is severely wounded.
* * * LOW HITPOINT WARNING * * *
You feel very sick. The scorpion stings you.
* * * LOW HITPOINT WARNING * * *
You are more poisoned.
The scorpion poisons you!
You are too berserk!
Okay, then.
Unknown command.
Unknown command.
You are too berserk!
You hit the scorpion but do no damage.
The scorpion is severely wounded.
You die...
Your body disappears without a glow.

#..............
#....##########
#._.># #....#
#....# #....#
#†...# ####
#####...##
#....#..#.@..##
........†)s...#
#..P..........#
...P~.♣....P..#
#~.~~.~....P....
P~~.~.~P...P.....
..~~~~~.##.P..####
.~ ≈≈~~..#....# .
~~≈~... .....


You could see a scorpion.

Vanquished Creatures
  Grinder (D:3)
  2 phantoms (D:5)
  A gnoll sergeant (D:5)
  2 scorpions
  2 hounds (D:4)
  An iguana (D:5)
  A sleepcap (D:5)
  4 orc wizards (D:4)
  A gnoll (D:1)
  9 adders
  3 ufetubi (D:5)
  A worm (D:2)
  3 dart slugs
  12 orcs
  7 bats
  9 endoplasms
  2 giant cockroaches (D:3)
  4 goblins
  6 hobgoblins
  10 jackals
  3 quokkas
  10 ball pythons
  3 frilled lizards
  11 kobolds
  5 rats
  A butterfly (D:4)
114 creatures vanquished.

Notes
Turn   | Place    | Note
-------+----------+-------------------------------------------
     0 | D:1      | cdecastro the Hill Orc Fighter began the quest for the Orb.
     0 | D:1      | Reached XP level 1. HP: 19/19 MP: 1/1
    70 | D:1      | Reached skill level 3 in Axes
    74 | D:1      | Reached XP level 2. HP: 27/27 MP: 2/2
   439 | D:1      | Reached skill level 4 in Axes
   491 | D:1      | Reached XP level 3. HP: 32/33 MP: 3/3
   823 | D:2      | Reached XP level 4. HP: 41/41 MP: 4/4
   855 | D:2      | Found a hazy altar of Hepliaklqana.
   977 | D:2      | Reached skill level 5 in Axes
  1351 | D:2      | Reached XP level 5. HP: 36/47 MP: 5/5
  1639 | D:3      | Noticed Grinder
  1659 | D:3      | Paralysed by Grinder for 4 turns
  1741 | D:3      | Killed Grinder
  1742 | D:3      | Reached skill level 5 in Fighting
  1742 | D:3      | Reached skill level 7 in Axes
  1742 | D:3      | Reached XP level 6. HP: 49/57 MP: 6/6
  2858 | D:4      | Found a sparkling altar of Nemelex Xobeh.
  2864 | D:4      | Found a broken altar of Ashenzari.
  2920 | D:4      | Became a worshipper of Nemelex Xobeh the Trickster
  3036 | D:4      | Found a runed translucent door.
  3036 | D:4      | Noticed SirLogeyBear's ghost (amateur HOBe)
  3119 | D:4      | Found a staircase to the Ecumenical Temple.
  3205 | Temple   | Entered the Ecumenical Temple
  3328 | D:4      | Reached skill level 8 in Axes
  3328 | D:4      | Reached XP level 7. HP: 33/63 MP: 7/7
  3865 | D:5      | Entered Level 5 of the Dungeon
  3976 | D:5      | Reached skill level 9 in Axes
  4238 | D:5      | Found a shimmering blue altar of Sif Muna.
  4276 | D:5      | Reached XP level 8. HP: 62/74 MP: 8/8
  4287 | D:5      | HP: 4/111 [poisoned by a gnoll sergeant]
  4288 | D:5      | Succumbed to a scorpion's poison

Illustrated notes

Levels and vault maps discovered:
D:1:      giann_forest_graveyard, layout_rooms, nrook_mini_vaults
D:2:      minmay_chambers_of_ones, layout_loops_ring, basic_altar,
          minmay_tree_intersection, grunt_ministairs_12
D:3:      layout_basic, serial_forest, infiniplex_forest_clump_long,
          infiniplex_forest_clump_curved, infiniplex_forest_lined_room_2,
          infiniplex_forest_clump_tiny, infiniplex_forest_lined_room_,
          infiniplex_forest_3_way, infiniplex_forest_lined_corner,
          infiniplex_forest_end_2, infiniplex_forest_lined_3, wad_orctagon,
          uniq_grinder
D:4:      layout_gridville, mainiacjoe_overflow_catwalk_spiral,
          minmay_temple_entry_butterflies, ebering_ghost_inner_flame,
          nicolae_nh_ransacked_shop
D:5:      minmay_chambers_of_threes, layout_gridville,
          mainiacjoe_overflow_boulevard, serial_shops, nicolae_shop_peninsula,
          serial_bayou, serial_bayou_ford_a, serial_bayou_lake_a,
          serial_bayou_crossing, serial_bayou_pond_b, serial_bayou_shore_b,
          nicolae_concentric_dashed_squares_mild
Temple:   eino_wide_crystal_templ

Skill      XL: |  1  2  3  4  5  6  7 |
---------------+----------------------+-----
Axes           | 3 4 5 7 8 9 |  9.4
Fighting       | 4 5 6 7 |  7.9
Armour         | |  3.2
Shields        | |  3.2

Action                     |  1- 3 |  4- 6 |  7- 9 || total
---------------------------+-------+-------+-------++-------
  Melee: War axe           |    89 |   209 |   110 ||   408
    Use: Potion            |       |     1 |     1 ||     2
 Armour: Scale mail        |    53 |    78 |    56 ||   187
  Dodge: Dodged            |    57 |    78 |    49 ||   184
  Block: Buckler           |    13 |    30 |    19 ||    62
